 Dungeon Crawl Stone Soup version 0.30.0-7-g0c4daa9e05 (webtiles) character file.

Game seed: 6760684204765372627

1971 KamiKatze the Cleaver (level 9, -7/78 HPs)
             Began as a Hill Orc Monk on May 13, 2023.
             Splashed by a jelly's acid (8 damage)
             ... on level 6 of the Dungeon.
             The game lasted 00:16:50 (5216 turns).

KamiKatze the Cleaver (Hill Orc Monk)               Turns: 5216, Time: 00:16:50

Health: -7/78      AC: -3    Str: 18    XL:     9   Next: 20%
Magic:  9/9        EV: 11    Int: 10    God:
Gold:   247        SH:  0    Dex: 13    Spells: 8/8 levels left

rFire   . . .        a - +0 hand axe
rCold   . . .        d - orb {light}
rNeg    . . .        e - +0 scale mail
rPois   .            s - +0 helmet
rElec   .            (no cloak)
rCorr   .            (no gloves)
SInv    .            (no boots)
Will    .....        o - amulet of regeneration Stlth
                     (no ring)
HPRegen 1.13/turn    (no ring)
MPRegen 0.11/turn

%: no passive effects
@: corroded, glowing
A: no striking features
a: no special abilities


You were on level 6 of the Dungeon.
You visited 1 branch of the dungeon, and saw 7 of its levels.

You collected 267 gold pieces.
You spent 20 gold pieces at shops.

Inventory:

Hand Weapons
 a - a +0 hand axe (weapon)
 g - a +1 short sword of venom
 F - a +0 broad axe
Armour
 d - an orb of light (worn)
 e - a +0 scale mail (worn)
 s - a +0 helmet (worn)
 w - a +0 chain mail
 x - a +0 kite shield
Jewellery
 o - an amulet of regeneration (around neck)
 A - a ring of protection from fire
Wands
 v - a wand of acid (4)
Scrolls
 f - a scroll of magic mapping {unknown}
 h - a scroll of silence {unknown}
 i - 3 scrolls of teleportation
 k - a scroll of vulnerability {unknown}
 l - 3 scrolls of immolation {unknown}
 p - 2 scrolls of fear {unknown}
 t - 2 scrolls of noise {unknown}
 u - a scroll of blinking {unknown}
 y - a scroll of acquirement {unknown}
 B - a scroll of enchant weapon {unknown}
 I - a scroll of fog {unknown}
Potions
 b - 2 potions of brilliance
 c - 2 potions of ambrosia
 j - 2 potions of curing
 m - 6 potions of heal wounds
 n - 2 potions of invisibility
 r - a potion of might
 z - 2 potions of lignification
 C - a potion of resistance
 D - a potion of cancellation
 E - a potion of attraction {unknown}
 G - a potion of haste {unknown}
 H - 2 potions of berserk rage {unknown}


   Skills:
 + Level 6.7 Fighting
 * Level 9.7 Axes
 + Level 4.6 Armour
 + Level 4.6 Dodging
 * Level 4.8 Shields
 - Level 2.0 Evocations


You had 8 spell levels left.
You didn't know any spells.
Your spell library was empty.

Dungeon Overview and Level Annotations

Branches:
Dungeon (7/15)
 Temple: D:4-7

Altars:
Ashenzari
Cheibriados
Elyvilon
Fedhas
Hepliaklqana
Kikubaaqudgha
Makhleb
Nemelex Xobeh
Trog
Uskayaw
Vehumet
Wu Jian
Xom
Zin
The Shining One

Shops:
D:4 !

Annotations:
D:6 exclusion: oklob plant


Message History

You hit the jelly.
Your hands burn!
The jelly is lightly wounded.
The jelly hits you. The acid corrodes you!
You are splashed with acid!
You hit the jelly. The acid corrodes you!
Your hands burn!
The jelly is lightly wounded.
The jelly hits you. The acid corrodes you!
You are splashed with acid!
You are too injured to fight recklessly!
You are too injured to fight recklessly!
Sorry, you're not good enough to have a special ability.
Sorry, you're not good enough to have a special ability.
You hit the jelly but do no damage. The acid corrodes you!
Your hands burn!
The jelly is lightly wounded.
The jelly barely misses you.
You slash the jelly!
Your hands burn!
The jelly is heavily wounded.
You hit the jelly but do no damage.
Your hands burn!
The jelly is heavily wounded.
The jelly hits you.
You are splashed with acid!
* * * LOW HITPOINT WARNING * * *
You hit the jelly but do no damage.
Your hands burn!
* * * LOW HITPOINT WARNING * * *
The jelly is heavily wounded.
The jelly hits you.
* * * LOW HITPOINT WARNING * * *
You are splashed with acid.
* * * LOW HITPOINT WARNING * * *
You hit the jelly but do no damage.
Your hands burn!
* * * LOW HITPOINT WARNING * * *
The jelly is heavily wounded.
The jelly hits you.
* * * LOW HITPOINT WARNING * * *
You are splashed with acid.
* * * LOW HITPOINT WARNING * * *
You hit the jelly but do no damage.
Your hands burn!
* * * LOW HITPOINT WARNING * * *
The jelly is heavily wounded.
The jelly hits you.
* * * LOW HITPOINT WARNING * * *
You are splashed with acid!
You die...

####.# ###.#...<.... #.##
####.#.####### #..# #......# ##.#
#.##.#.##### #.# ##.##.......###
#.########### #.......#......
#...........# #..###..#...###
#.###..####.###.......###.###
#####.###......J@.....##.........
#......()>...#..###.#.##.####.##.
#.##..#[#..#...(# #......# #.#..
#.##..#.#..###..# ##...### #....
#.##....)......(# #.#.# ###..
#.##.##.#.####### #...# #..
#.##.##)#.##########.####### #..
#..........................# #..
~.~...###....>..##...#####.####..


You could see a jelly.

Vanquished Creatures
  Pikel (D:6)
  Grinder (D:6)
  2 ice beasts (D:5)
  An ogre (D:5)
  2 centaurs
  2 lemures
  2 phantoms
  5 jellies (D:6)
  3 hounds
  An orc priest (D:5)
  A sleepcap (D:5)
  2 iguanas (D:5)
  3 orc wizards
  Robin (D:2)
  9 adders
  A white imp (D:6)
  2 worms
  6 dart slugs
  21 orcs
  5 bats
  24 endoplasms
  3 giant cockroaches
  13 goblins
  7 hobgoblins
  7 kobolds
  2 quokkas
  15 ball pythons
  4 frilled lizards
  4 rats
150 creatures vanquished.

Notes
Turn   | Place    | Note
-------+----------+-------------------------------------------
     0 | D:1      | KamiKatze the Hill Orc Monk began the quest for the Orb.
     0 | D:1      | Reached XP level 1. HP: 19/19 MP: 1/1
    86 | D:1      | Reached XP level 2. HP: 22/27 MP: 2/2
   481 | D:1      | Reached XP level 3. HP: 31/33 MP: 3/3
   743 | D:2      | Reached skill level 5 in Axes
   758 | D:2      | Found a shimmering altar of Xom.
   969 | D:2      | Noticed Robin
   975 | D:2      | Reached XP level 4. HP: 40/40 MP: 4/4
   991 | D:2      | Killed Robin
   992 | D:2      | Reached skill level 1 in Armour
  1324 | D:2      | Found a faded altar of an unknown god.
  1441 | D:3      | Reached XP level 5. HP: 47/47 MP: 5/5
  1573 | D:3      | Found an ornate altar of the Wu Jian Council.
  2327 | D:4      | Reached skill level 6 in Axes
  2437 | D:4      | Reached XP level 6. HP: 50/55 MP: 6/6
  2504 | D:4      | Found Qeicrack's Distillery.
  2519 | D:4      | Bought 2 potions of degeneration for 20 gold pieces
  2948 | D:4      | Reached skill level 5 in Fighting
  3134 | D:5      | Entered Level 5 of the Dungeon
  3240 | D:5      | Reached skill level 7 in Axes
  3297 | D:5      | Reached XP level 7. HP: 51/61 MP: 7/7
  3437 | D:5      | Reached skill level 1 in Shields
  3503 | D:5      | Identified the +2 robe of Reason {Int+5 Dex+2}
  3539 | D:5      | Found a burning altar of Makhleb.
  3552 | D:5      | Reached skill level 8 in Axes
  3599 | D:5      | Reached XP level 8. HP: 65/70 MP: 8/8
  3606 | D:5      | Reached skill level 1 in Evocations
  3948 | D:6      | Noticed Grinder
  4002 | D:6      | Noticed Pikel
  4044 | D:6      | Found a blossoming altar of Fedhas.
  4141 | D:6      | Found a hide-covered altar of Uskayaw.
  4141 | D:6      | Found a hazy altar of Hepliaklqana.
  4141 | D:6      | Found an ancient bone altar of Kikubaaqudgha.
  4147 | D:6      | Found a glowing silver altar of Zin.
  4148 | D:6      | Found a white marble altar of Elyvilon.
  4150 | D:6      | Found a radiant altar of Vehumet.
  4150 | D:6      | Found a broken altar of Ashenzari.
  4151 | D:6      | Found a sparkling altar of Nemelex Xobeh.
  4153 | D:6      | Found a glowing golden altar of the Shining One.
  4156 | D:6      | Found a snail-covered altar of Cheibriados.
  4157 | D:6      | Found a bloodstained altar of Trog.
  4224 | D:6      | Killed Pikel
  4225 | D:6      | Reached skill level 9 in Axes
  4336 | D:6      | Killed Grinder
  4337 | D:6      | Reached XP level 9. HP: 43/78 MP: 9/9
  4384 | D:6      | Noticed an oklob plant
  5216 | D:6      | HP: 3/78 [acid (5)]
  5216 | D:6      | HP: 1/78 [jelly (3)]
  5216 | D:6      | Splashed by a jelly's acid

Illustrated notes

Levels and vault maps discovered:
D:1:      dpeg_arrival_pits, layout_loops_cross
D:2:      layout_basic, shapermc_ecumenical_altar_flowoftime, basic_altar,
          st_stairs_11, minmay_snake_closets, uniq_robin
D:3:      layout_basic, nzn_wu_jian_contemplation, minmay_puff
D:4:      layout_basic, serial_shops, shop_statue, st_stairs_12, corner_web_ring
D:5:      layout_rooms, mainiacjoe_overflow_six_doors_small, serial_rivers,
          chequers_serial_rivers_room_a, chequers_serial_rivers_small_3,
          chequers_serial_rivers_large_a, chequers_serial_rivers_micro_c,
          chequers_serial_rivers_room_b
D:6:      lemuel_slime, layout_loops_cross, fedhas_ov_isle_minmay,
          nicolae_overflow_hallway_of_the_gods, chequers_serial_rivers_micro_c,
          chequers_decorated_corner, uniq_grinder, uniq_pikel
D:7:      cheibrodos_fertilizer, layout_basic, minmay_temple_entry_sparse_star,
          serial_bayou_pond_e, uniq_joseph

Skill      XL: |  1  2  3  4  5  6  7  8 |
---------------+-------------------------+-----
Fighting       | 4 5 6 |  6.7
Axes           | 5 6 7 8 9 |  9.7
Armour         | 1 2 3 4 |  4.6
Dodging        | 3 4 |  4.6
Shields        | 2 4 |  4.8
Evocations     | 2 |  2.0

Action                     |  1- 3 |  4- 6 |  7- 9 || total
---------------------------+-------+-------+-------++-------
  Melee: Hand axe          |    88 |   234 |   245 ||   567
  Evoke: Wand              |       |       |     4 ||     4
    Use: Scroll            |       |       |     9 ||     9
 Armour: Robe              |    10 |       |       ||    10
         Ring mail         |    12 |    72 |    67 ||   151
  Dodge: Dodged            |    37 |   132 |   125 ||   294
